 Dungeon Crawl Stone Soup version 0.29.1 (webtiles) character file.

Game seed: 16919148779168044906

60 themarg the Conjurer (level 4, -6/24 HPs)
             Began as a Tengu Conjurer on Sept 14, 2022.
             Mangled by Sigmund
             ... wielding a +0 scythe
              (8 damage)
             ... on level 2 of the Dungeon.
             The game lasted 00:03:49 (1396 turns).

themarg the Conjurer (Tengu Conjurer)               Turns: 1396, Time: 00:03:49

Health: -6/24      AC:  2    Str:  9    XL:     4   Next: 6%
Magic:  2/8        EV: 12    Int: 18    God:
Gold:   107        SH:  0    Dex: 13    Spells: 5/8 levels left

rFire   . . .      SeeInvis .   f - +0 dagger
rCold   . . .      Faith    .   (no shield)
rNeg    . . .      Spirit   .   a - +0 robe
rPois   .          Reflect  .   (helmet restricted)
rElec   .          Harm     .   (no cloak)
rCorr   .          Rampage  .   (no gloves)
Will    .....                   (boots unavailable)
Stlth   +.........              (no amulet)
HPRegen 0.08/turn               (no ring)
MPRegen 0.11/turn               (no ring)

@: confused
A: beak, talons 3
a: no special abilities


You were on level 2 of the Dungeon.
You visited 1 branch of the dungeon, and saw 2 of its levels.

You collected 107 gold pieces.

Inventory:

Hand Weapons
 f - a +0 dagger (weapon)
Armour
 a - a +0 robe (worn)
Scrolls
 c - 2 scrolls of blinking {unknown}
 e - a scroll of vulnerability {unknown}
 g - 2 scrolls of fear {unknown}
 h - a scroll of identify {unknown}
Potions
 b - a potion of magic
 d - a potion of mutation {unknown}
 i - a potion of flight {unknown}


   Skills:
 + Level 2.9 Dodging
 + Level 2.8 Stealth
 + Level 2.6 Spellcasting
 + Level 5.9 Conjurations


You had 5 spell levels left.
You knew the following spells:

 Your Spells              Type           Power      Damage    Failure   Level
a - Magic Dart            Conj           92%        1d7       1%          1
b - Searing Ray           Conj           46%        2d6       2%          2

Your spell library contained the following spells:

 Spells                   Type           Power      Damage    Failure   Level
 Dazzling Flash           Conj/Hex       24%        N/A       16%         3
 Fulminant Prism          Conj/Hex       6%         3d7       45%         4
 Iskenderun's Mystic Bla  Conj/Tloc      12%        2d5       45%         4


Dungeon Overview and Level Annotations

Branches:
Dungeon (2/15)

Altars:

Annotations:
D:2 Sigmund


Innate Abilities, Weirdness & Mutations

You have a beak for a mouth.
You have claws for feet.


Message History

Aim: Sigmund, wielding a +0 scythe and wearing a +0 robe (asleep, 100% to hit)
The searing ray hits Sigmund!
Sigmund is moderately wounded.
Sigmund shouts! (Press . to maintain the ray.)
The searing ray misses Sigmund.
Sigmund barely misses you.
The searing ray hits Sigmund.
Sigmund is heavily wounded.
The searing ray misses Sigmund.
You finish channelling your searing ray.
Sigmund closely misses you.
Casting: Searing Ray (safe; 2% risk of failure)
Confirm with . or Enter, or press ? or * to list all spells.
Aiming: Searing Ray (safe; 2% risk of failure)
Press: ? - help, Shift-Dir - straight line, f/p - Sigmund
Aim: Sigmund, wielding a +0 scythe and wearing a +0 robe (heavily wounded, 75% to hit)
The searing ray hits Sigmund!
Sigmund is almost dead. (Press . to maintain the ray.) Sigmund laughs darkly.
Sigmund points at you and mumbles some strange words.
You are confused.
Sigmund hits you from afar with a +0 scythe!
You're too confused to move!
Sigmund drinks a potion.
Sigmund flickers and vanishes!
Deactivating autopickup; reactivate with Ctrl-A.
You bump into the rock wall.
You hear some strange, mumbled words.
You are more confused.
You hear some strange, mumbled words.
You are more confused.
There is a stone staircase leading up here.
You hit something. Your kick misses something.
You hear some strange, mumbled words.
A magic dart appears from out of thin air!
The magic dart hits you.
You hit something but do no damage. Something hits you!
* * * LOW HITPOINT WARNING * * *
Something hits you!
You die...

.....#..# #.# .#...#..#
#.# .#...#..# #†#
.#......# #.# .#.#.##.#
#.# .#.#.##.# #####.##.#
.#.#.##.# #.....##.# .#
###.######.#
#...<@...#.########
#.##{..###........#
#.#....# ########.#
#.#.#..# #.# #.#.#..# #.#
#.#.#..# #.# #.#.#..# #.#
#.#.#..##########.#
#######'#.#..#.)........#


There were no monsters in sight!

Vanquished Creatures
  Jessica (D:2)
  2 dart slugs
  2 bats
  3 endoplasms (D:1)
  A giant cockroach (D:1)
  2 quokkas (D:1)
  5 ball pythons
  4 frilled lizards
  5 goblins
  A kobold (D:2)
  5 rats
31 creatures vanquished.

Vanquished Creatures (others)
  2 fungi (D:2)
  4 plants (D:2)
6 creatures vanquished.

Grand Total: 37 creatures vanquished

Notes
Turn   | Place    | Note
-------+----------+-------------------------------------------
     0 | D:1      | themarg the Tengu Conjurer began the quest for the Orb.
     0 | D:1      | Reached XP level 1. HP: 10/10 MP: 4/4
   194 | D:1      | Reached XP level 2. HP: 14/15 MP: 0/6
   428 | D:1      | Learned a level 2 spell: Searing Ray
   945 | D:2      | Reached XP level 3. HP: 19/19 MP: 5/7
   967 | D:2      | Noticed Jessica
   971 | D:2      | Killed Jessica
  1237 | D:2      | Reached XP level 4. HP: 24/24 MP: 5/8
  1370 | D:2      | Noticed Sigmund
  1396 | D:2      | Mangled by Sigmund

Illustrated notes

Levels and vault maps discovered:
D:1:      heliophobic_arrival_henge, layout_basic
D:2:      layout_basic, dreamdust_ecumenical_altar_grove, uniq_jessica,
          uniq_sigmund

Action                   |  1- 3 |  4- 6 || total
-------------------------+-------+-------++-------
Melee: Unarmed           |     1 |       ||     1
       Peck              |     1 |       ||     1
       Dagger            |       |     2 ||     2
 Cast: Magic Dart        |    42 |     4 ||    46
       Searing Ray       |     2 |     3 ||     5
Armor: Robe              |     6 |       ||     6
Dodge: Dodged            |    15 |     2 ||    17
